AoeStats
← Juanfreelance

Fortress

510234682Analyzed
2v2 RM · 1d ago on Sep 30, 2026· 21m 58s· 4 players
Game mode
Random Map
Map size
Normal (6 player)
Population
200
Speed
Normal
Resources
Standard
Victory
Conquest
Starting age
Dark Age
Ending age
Imperial Age
RankedLock teamsTeams togetherTeam positionsShared explorationLock speedFull tech treeHidden civsTurbo modeCheats
Victory
Defeat
🇺🇸 Persians · United States
1433
+11
🇺🇸 Spanish · United States
1419
+12
🇵🇦 Persians · Panama
1335
-12
🇦🇷 Khmer · Argentina
1321
-11
Juanfreelance
6:02 Loom
7:50 Feudal Age
12:06 Castle Age
14:37 Husbandry
14:52 Bloodlines
14:26 Horse Collar
Nailujj28
6:37 Feudal Age
9:36 Castle Age
7:46 Double-Bit Axe
8:04 Horse Collar
11:28 Loom
12:50 Wheelbarrow
12:01 Town Watch
13:59 Bow Saw
15:16 Fletching
15:26 Padded Archer Armor
15:16 Fletching
15:26 Padded Archer Armor
17:20 Elite Skirmisher
18:32 Ballistics
20:13 Hand Cart
20:14 Bodkin Arrow
20:34 Leather Archer Armor
20:15 Bodkin Arrow
21:46 Pikeman
The Daunting Knight
5:21 Feudal Age
10:08 Castle Age
8:36 Double-Bit Axe
8:38 Horse Collar
10:48 Bow Saw
12:34 Scale Barding Armor
16:02 Gold Mining
19:02 Forging
21:19 Chain Barding Armor
22:04 Gold Shaft Mining
YOGRANNYCANTSCRAP
6:52 Feudal Age
10:29 Castle Age
9:09 Double-Bit Axe
11:01 Gold Mining
13:00 Padded Archer Armor
16:46 Bloodlines
19:25 Leather Archer Armor
Connection lost

Rejoining the realm…

Still unreachable

The connection could not be restored.

Session expired

The server has moved on; the page needs a fresh start.